AoeStats
← Ken

Arena

509565721Analyzed
4v4 RM · 5d ago on Sep 27, 2026· 47m 20s· 8 players
Game mode
Random Map
Map size
Large (8 player)
Population
200
Speed
Normal
Resources
Standard
Victory
Conquest
Starting age
Dark Age
Ending age
Imperial Age
RankedLock teamsTeams togetherTeam positionsShared explorationLock speedFull tech treeHidden civsTurbo modeCheats
Victory
Defeat
🇹🇼 Turks · Taiwan
1159
+11
🇹🇼 Teutons · Taiwan
1072
+14
🇺🇸 Portuguese · United States
1033
+16
🇹🇼 Saxons · Taiwan
975
+18
🇲🇽 Danes · Mexico
1060
-16
🇨🇳 Franks · China
1030
-15
🇸🇪 Byzantines · Sweden
1015
-14
🇫🇷 Bohemians · France
1013
-14
WaRe MPaSsioN
0:31 Loom
2:06 Loom
2:29 Loom
12:13 Feudal Age
12:42 Double-Bit Axe
12:42 Horse Collar
18:17 Castle Age
22:55 Heavy Plow
26:18 Town Watch
27:09 Wheelbarrow
31:22 Imperial Age
29:32 Fletching
30:03 Ballistics
29:41 Murder Holes
31:24 Chemistry
31:59 Pikeman
33:02 Conscription
35:18 Wagenburg Tactics
36:33 Hand Cart
36:20 Town Patrol
37:15 Forging
37:06 Scale Mail Armor
36:54 Halberdier
39:22 Siege Engineers
39:20 Elite Hussite Wagon
43:40 Elite Skirmisher
Ken
11:12 Feudal Age
15:07 Castle Age
13:30 Double-Bit Axe
17:28 Bow Saw
19:05 Loom
23:38 Wheelbarrow
23:06 Gold Mining
26:52 Hand Cart
28:26 Caravan
29:25 Treadmill Crane
32:22 Imperial Age
31:03 Gold Shaft Mining
30:30 Husbandry
30:43 Scale Barding Armor
30:46 Stone Mining
32:00 Forging
32:23 Murder Holes
33:24 Iron Casting
33:26 Chain Barding Armor
33:26 Cavalier
36:02 Blast Furnace
35:43 Conscription
37:36 Plate Barding Armor
37:02 Paladin
39:31 Padded Archer Armor
39:31 Scale Mail Armor
39:21 Fletching
39:58 Chivalry
39:20 Ordonnance Companies
39:52 Fletching
40:15 Fortified Wall
40:42 Leather Archer Armor
41:59 Chain Mail Armor
41:39 Bodkin Arrow
42:19 Elite Throwing Axeman
44:44 Chemistry
44:05 Ballistics
46:10 Squires
45:30 Pikeman
dantealhz
0:47 Loom
10:58 Feudal Age
12:59 Double-Bit Axe
13:18 Horse Collar
15:57 Castle Age
14:50 Gold Mining
18:15 Wheelbarrow
18:12 Fervor
19:47 Heavy Plow
20:01 Town Watch
24:59 Stone Mining
25:44 Gold Shaft Mining
30:38 Imperial Age
31:14 Hand Cart
31:27 Bow Saw
31:22 Town Patrol
31:54 Forging
31:45 Scale Mail Armor
31:10 Onager
33:00 Chemistry
32:22 Ballistics
32:57 Conscription
33:46 Stone Shaft Mining
33:51 Iron Casting
33:32 Chain Mail Armor
33:08 Fletching
34:33 Squires
34:18 Arson
36:17 Blast Furnace
40:14 Heavy Scorpion
41:04 Siege Engineers
41:21 Ballistics
41:27 Bodkin Arrow
frommen
11:15 Feudal Age
14:47 Castle Age
12:49 Double-Bit Axe
19:03 Pikeman
22:52 Redemption
24:14 Sanctity
24:45 Wheelbarrow
25:31 Atonement
25:53 Elite Skirmisher
26:39 Thumb Ring
26:57 Horse Collar
31:58 Imperial Age
30:36 Fortified Wall
30:54 Fervor
31:57 Hand Cart
31:28 Loom
31:50 Husbandry
31:11 Light Cavalry
32:42 Padded Archer Armor
32:32 Fletching
33:28 Conscription
34:17 Chemistry
33:47 Block Printing
34:05 Heavy Camel Rider
35:04 Scale Barding Armor
35:10 Forging
35:22 Squires
36:28 Halberdier
37:11 Scale Mail Armor
37:47 Iron Casting
38:18 Chain Mail Armor
39:13 Chain Barding Armor
40:38 Plate Mail Armor
40:33 Cavalier
42:16 Hoardings
43:10 Plate Barding Armor
43:15 Cavalier
44:38 Bodkin Arrow
44:58 Leather Archer Armor
45:09 Ballistics
glaitick
12:19 Feudal Age
12:44 Horse Collar
16:46 Castle Age
16:30 Gold Mining
16:28 Double-Bit Axe
21:46 Imperial Age
22:31 Wheelbarrow
21:42 Loom
24:35 Bow Saw
25:51 Wheelbarrow
24:52 Elite Skirmisher
27:20 Fletching
27:30 Padded Archer Armor
26:54 Pikeman
30:56 Chemistry
32:39 Conscription
32:38 Stone Mining
34:31 Leather Archer Armor
34:11 Bodkin Arrow
35:16 Halberdier
37:00 Ballistics
37:10 Devotion
38:04 Siege Engineers
41:50 Scale Mail Armor
42:20 Ring Archer Armor
42:54 Forging
43:50 Elite Organ Gun
48:16 Two-Man Saw
a-lon
10:11 Feudal Age
14:21 Castle Age
12:58 Double-Bit Axe
13:10 Horse Collar
15:22 Bow Saw
19:25 Wheelbarrow
19:34 Heavy Plow
22:05 Gold Mining
24:20 Hand Cart
27:50 Imperial Age
26:12 Scale Barding Armor
26:18 Forging
27:27 Chain Barding Armor
27:25 Bloodlines
28:13 Cavalier
29:48 Plate Barding Armor
29:43 Stone Mining
33:39 Paladin
37:11 Iron Casting
42:41 Conscription
42:39 Squires
42:25 Gambesons
42:26 Arson
44:57 Elite Teutonic Knight
poi
11:19 Feudal Age
16:37 Castle Age
15:29 Double-Bit Axe
15:26 Horse Collar
27:27 Gold Mining
27:30 Stone Mining
30:14 Imperial Age
27:30 Loom
28:09 Bow Saw
27:47 Man-at-Arms
28:29 Squires
28:35 Scale Mail Armor
29:39 Chain Mail Armor
29:36 Forging
28:51 Long Swordsman
29:17 Gambesons
30:08 Arson
31:34 Conscription
30:41 Two-Handed Swordsman
31:47 Heavy Plow
31:57 Champion
34:06 Gold Shaft Mining
32:56 Capped Ram
34:11 Siege Ram
37:14 Plate Mail Armor
37:21 Iron Casting
43:07 Pikeman
44:55 Halberdier
45:38 Shield Wall
46:44 Siege Engineers
lkm543
11:42 Feudal Age
16:29 Castle Age
15:01 Double-Bit Axe
16:22 Horse Collar
22:21 Heavy Plow
23:26 Loom
24:18 Wheelbarrow
24:29 Gold Mining
24:30 Stone Mining
25:45 Hand Cart
27:26 Gold Shaft Mining
27:35 Fletching
27:51 Scale Barding Armor
28:23 Bodkin Arrow
31:27 Imperial Age
29:30 Bloodlines
29:25 Town Watch
30:34 Ballistics
29:54 Treadmill Crane
30:25 Masonry
30:11 Murder Holes
31:24 Husbandry
31:52 Chain Barding Armor
31:43 Forging
32:28 Heavy Camel Rider
33:49 Bombard Tower
34:00 Architecture
34:01 Bracer
35:32 Plate Barding Armor
35:32 Iron Casting
35:40 Bow Saw
36:31 Conscription
36:12 Artillery
36:25 Padded Archer Armor
36:40 Fortified Wall
38:30 Hoardings
40:19 Blast Furnace
39:35 Leather Archer Armor
46:56 Two-Man Saw
46:02 Elite Janissary
Connection lost

Rejoining the realm…

Still unreachable

The connection could not be restored.

Session expired

The server has moved on; the page needs a fresh start.